AoeStats
← tbzachary

Nomad

509792308Analyzed
2v2 RM · 5d ago on Sep 28, 2026· 81m 25s· 4 players
Game mode
Random Map
Map size
176×176
Population
200
Speed
Normal
Resources
Standard
Victory
Conquest
Starting age
Dark Age
Ending age
Imperial Age
RankedLock teamsTeams togetherTeam positionsShared explorationLock speedFull tech treeHidden civsTurbo modeCheats
Victory
Defeat
🇺🇸 Slavs · United States
791
+15
🇨🇳 Turks · China
783
+15
🇲🇽 Romans · Mexico
830
-18
🇲🇽 Huns · Mexico
692
-12
好歌剧
4:16 Loom
16:43 Feudal Age
17:23 Double-Bit Axe
22:52 Castle Age
20:53 Stone Mining
21:23 Forging
21:22 Scale Barding Armor
23:52 Medium Warships
24:08 Bow Saw
24:10 Bloodlines
24:25 Chain Barding Armor
28:29 Scale Mail Armor
29:27 Squires
32:35 Iron Casting
35:25 Wheelbarrow
35:15 Husbandry
35:03 Horse Collar
35:08 Fishing Lines
36:10 Treadmill Crane
37:14 Chain Mail Armor
37:11 Gold Mining
37:32 Heavy Plow
38:30 Gillnets
38:55 Clinker Construction
39:19 Careening
42:18 Imperial Age
40:09 Hand Cart
41:23 Fletching
44:32 Conscription
43:33 Elite Janissary
45:25 Gold Shaft Mining
46:47 Plate Barding Armor
48:23 Artillery
49:13 Town Watch
54:29 Two-Man Saw
53:05 Heavy Camel Rider
55:30 Blast Furnace
73:02 Arson
75:22 Hoardings
77:34 Bodkin Arrow
78:11 Plate Mail Armor
77:45 Padded Archer Armor
81:13 Town Patrol
tbzachary
11:47 Loom
14:57 Feudal Age
15:30 Horse Collar
15:38 Double-Bit Axe
16:59 Fishing Lines
20:39 Castle Age
20:00 Stone Mining
20:57 Scale Barding Armor
21:04 Forging
21:16 Gold Mining
22:32 Husbandry
22:42 Bloodlines
23:30 Bow Saw
24:00 Iron Casting
25:21 Gold Shaft Mining
24:15 Light Cavalry
26:30 Wheelbarrow
26:32 Gillnets
28:22 Hand Cart
30:22 Scale Mail Armor
30:42 Chain Barding Armor
29:46 Pikeman
30:26 Squires
32:02 Chain Mail Armor
32:07 Caravan
38:11 Imperial Age
36:18 Detinets
41:27 Murder Holes
42:34 Chemistry
41:54 Ballistics
42:49 Siege Engineers
42:28 Elite Boyar
46:26 Halberdier
49:09 Blast Furnace
50:19 Druzhina
61:24 Heavy Scorpion
75:42 Caravan
SiR_mIgArrOtE
4:03 Loom
17:00 Feudal Age
18:28 Horse Collar
22:56 Stone Mining
22:56 Gold Mining
29:12 Forging
31:42 Castle Age
33:16 Iron Casting
34:45 Double-Bit Axe
35:03 Padded Archer Armor
34:54 Fletching
35:10 Heavy Plow
36:43 Pikeman
37:24 Squires
40:07 Husbandry
42:59 Wheelbarrow
53:12 Imperial Age
50:43 Elite Skirmisher
54:44 Halberdier
69:01 Man-at-Arms
Sir_ Arlan de Pennetry
12:01 Loom
14:54 Feudal Age
19:06 Castle Age
17:49 Forging
19:33 Fishing Lines
20:48 Husbandry
21:00 Bloodlines
21:35 Scale Barding Armor
21:45 Double-Bit Axe
21:48 Horse Collar
25:51 Bow Saw
32:06 Heavy Plow
31:52 Demolition Ship
32:47 Medium Warships
38:12 Imperial Age
36:40 Iron Casting
37:40 Scale Mail Armor
39:15 Cavalier
39:22 Man-at-Arms
39:24 Pikeman
40:07 Squires
41:47 Long Swordsman
41:47 Halberdier
45:54 Heavy Scorpion
47:54 Heavy Warships
49:40 Chemistry
49:00 Ballistics
49:42 Capped Ram
55:48 Guilds
58:56 Chain Barding Armor
59:36 Blast Furnace
58:37 Padded Archer Armor
66:40 Plate Barding Armor
Connection lost

Rejoining the realm…

Still unreachable

The connection could not be restored.

Session expired

The server has moved on; the page needs a fresh start.